 Dungeon Crawl Stone Soup version 0.16-a0-3308-g116f5c4 (webtiles) character file.

12206 BluebellGnoll the Thaumaturge (level 11, -2/47 HPs)
             Began as a Spriggan Enchanter on Dec 26, 2014.
             Was a Follower of Vehumet.
             Slain by a vampire mosquito (4 damage)
             ... on level 11 of the Dungeon.
             The game lasted 00:48:26 (11611 turns).

BluebellGnoll the Thaumaturge (Spriggan Enchanter) Turns: 11611, Time: 00:48:26

Health: -2/47      AC:  4    Str:  4    XL:     11   Next: 59%
Magic:  25/34      EV: 26    Int: 20    God:    Vehumet [*.....]
Gold:   703        SH:  0    Dex: 17    Spells: 7 memorised, 15 levels left

rFire  + . .     SeeInvis +     a - +1 dagger (venom)
rCold  . . .     Clarity  .     b - +1 robe
rNeg   . . .     SustAb   .     (shield restricted)
rPois  .         Gourm    .     (helmet restricted)
rElec  .         Spirit   .     H - +0 cloak
rCorr  .         Warding  .     (gloves unavailable)
rMut   .         Stasis   .     (boots unavailable)
MR     +....                    (no amulet)
Stlth  +++++.....               q - ring of protection from fire
                                e - ring of stealth

@: very quick, somewhat resistant to hostile enchantments, quite stealthy
A: unfitting armour, see invisible, herbivore 3, speed 3, slow metabolism 2
a: Renounce Religion


You were on level 11 of the Dungeon.
You worshipped Vehumet.
Vehumet was aware of your devotion.
You were not hungry.

You visited 1 branch of the dungeon, and saw 12 of its levels.

You collected 703 gold pieces.

Inventory:

Hand weapons
 a - a +1 dagger of venom (weapon)
Missiles
 C - 17 poisoned needles
 D - 2 throwing nets (quivered)
Armour
 b - a +1 robe (worn)
 H - a +0 cloak (worn)
Jewellery
 e - a ring of stealth (left hand)
 q - a ring of protection from fire (right hand)
 z - an uncursed ring of teleport control
 L - an uncursed ring of teleportation
Magical devices
 l - a wand of confusion (22)
 t - a wand of magic darts (35)
 w - a wand of disintegration (12)
 y - a wand of cold (9)
 G - a wand of disintegration (19)
 J - a wand of polymorph (5)
 K - a wand of enslavement (7)
Scrolls
 f - 2 scrolls of remove curse
 g - 2 scrolls of magic mapping
 h - 2 scrolls of teleportation
 i - a scroll of blinking
 n - 2 scrolls of enchant weapon
 u - a scroll of immolation
 x - 2 scrolls of fog
 I - a scroll of identify
Potions
 j - a potion of heal wounds
 o - a potion of restore abilities
 p - a potion of mutation
 r - a potion of flight
 s - 3 potions of brilliance
 v - 6 potions of curing
 F - 2 potions of agility
Books
 c - a book of Maledictions

   Spells                             Type                      Level
   a - Corona                         Hexes                        1
   b - Sure Blade                     Hexes/Charms                 2
   c - Ensorcelled Hibernation        Hexes/Ice                    2
   d - Confuse                        Hexes                        3
   e - Dazzling Spray                 Conjuration/Hexes            3
   f - Enslavement                    Hexes                        4
 k - a book of Envenomations

   Spells                             Type                      Level
   a - Spider Form                    Transmutation/Poison         3
   b - Alistair's Intoxication        Transmutation/Poison         4
   c - Olgreb's Toxic Radiance        Poison                       4
   d - Poisonous Cloud                Conjuration/Poison/Air       6
 m - a book of Control

   Spells                             Type                      Level
   a - Control Teleport               Charms/Translocation         4
   b - Control Undead                 Necromancy                   4
   c - Enslavement                    Hexes                        4
   d - Metabolic Englaciation         Hexes/Ice                    5
   e - Mass Confusion                 Hexes                        6
 E - a book of Fire

   Spells                             Type                      Level
   a - Ignite Poison                  Fire/Transmutation           5
   b - Fireball                       Conjuration/Fire             5
   c - Bolt of Fire                   Conjuration/Fire             6
   d - Delayed Fireball               Conjuration/Fire             7
   e - Ring of Flames                 Charms/Fire                  7
Miscellaneous
 A - a box of beasts
Comestibles
 d - 5 bread rations
 B - a slice of pizza


   Skills:
 * Level 6.4 Short Blades
 + Level 10.4 Dodging
 - Level 8.2 Stealth
 + Level 13.4 Spellcasting
 - Level 13.0 Hexes


You had 15 spell levels left.
You knew the following spells:

 Your Spells              Type           Power        Failure   Level  Hunger
a - Corona                Hex            ######.      1%          1    None
b - Ensorcelled Hibernat  Hex/Ice        #####.       1%          2    None
c - Confuse               Hex            ######..     1%          3    None
d - Sure Blade            Hex/Chrm       #####.....   1%          2    None
e - Dazzling Spray        Conj/Hex       #####...     1%          3    None
f - Enslavement           Hex            ######..     1%          4    None
g - Mass Confusion        Hex            ######....   4%          6    #####..


Dungeon Overview and Level Annotations

Branches:
Dungeon (12/15)            Temple (0/1) D:7            Lair (0/8) D:9
    Orc: D:9-12

Altars:
Ashenzari
Cheibriados
Dithmenos
Elyvilon
Fedhas
Gozag
Kikubaaqudgha
Makhleb
Nemelex Xobeh
Qazlal
Trog
Vehumet
Yredelemnul
Zin
The Shining One

Shops:
D:8 [

Annotations:
D:10 exclusion: 2 oklob saplings


Innate Abilities, Weirdness & Mutations

You are tiny and cannot use many weapons and most armour.
You have supernaturally acute eyesight.
You are a herbivore.
You cover ground extremely quickly.
You need consume almost no food.


Message History

The vampire mosquito closely misses you. x2
The vampire mosquito completely misses you.
The vampire mosquito bites you!
* * * LOW HITPOINT WARNING * * *
The vampire mosquito draws strength from your injuries!
The vampire mosquito completely misses you.
The vampire mosquito misses you.
The vampire mosquito completely misses you.
The vampire mosquito completely misses you.
There is an open door here.
There is a stone staircase leading up here.
The vampire mosquito closely misses you.
The vampire mosquito bites you!
* * * LOW HITPOINT WARNING * * *
The vampire mosquito draws strength from your injuries!
You climb upwards.
There is a stone staircase leading down here.
Unknown command.
The vampire mosquito bites you.
You die...

# #............# #.......#
#########'#### ###'#####
#.......# #...# ### ##.#######
#####'### ..# #..# #.......#
..# ###'###############...)...#
..###.............#...'..(....#
..#)'.............#.###.......#
..))#.......>..y@.'.# #.......#
..###...†.........###
#.......### ..# #.............#
#....(..'.. ).# #.............#
#.......### ..# ###############
#.......# ..# ######### ###


You could see a vampire mosquito.

Vanquished Creatures
  2 hydras
  An unseen horror (D:11)
  3 hill giants
  A cyclops (D:11)
  3 wandering mushrooms (D:10)
  The ghost of Kemay the Chopper, an average MiGl (D:5)
  A troll (D:11)
  Grinder (D:4)
  3 yaks (D:11)
  A deep elf mage (D:12)
  A steam dragon (D:10)
  A wyvern (D:11)
  A hungry ghost (D:8)
  A vampire mosquito (D:12)
  3 water moccasins
  3 wargs (D:9)
  3 orc warriors (D:9)
  A black bear (D:8)
  3 ice beasts
  5 phantoms
  A sky beast (D:6)
  2 eyes of draining (D:7)
  4 centaurs
  5 ogres
  6 giant frogs
  A wyvern skeleton (D:12)
  13 killer bees
  2 scorpions
  3 wights (D:12)
  7 crimson imps
  A centaur zombie (D:11)
  A goliath beetle (D:7)
  2 hounds (D:9)
  2 giant frog zombies
  6 orc priests
  7 centaur skeletons
  A jelly (D:10)
  A giant frog skeleton (D:11)
  7 iguanas
  5 worker ants
  8 orc wizards
  A statue (D:9)
  Jessica (D:3)
  Terence (D:3)
  3 gnolls
  8 adders
  2 shadow imps
  3 giant mites
  A worm (D:3)
  2 adder skeletons
  8 giant geckos
  An ooze (D:1)
  34 orcs
  2 ball pythons
  A giant cockroach (D:4)
  12 hobgoblins
  5 jackals
  18 kobolds
  3 quokkas
  10 bats
  A giant gecko skeleton (D:8)
  3 giant newts
  9 goblins
  13 rats
  A ballistomycete (D:10)
267 creatures vanquished.

Vanquished Creatures (collateral kills)
  2 killer bees (D:9)
  A scorpion (D:8)
3 creatures vanquished.

Vanquished Creatures (others)
  2 killer bees (D:9)
  A giant frog (D:8)
  A quokka (D:11)
  A giant gecko (D:8)
  A giant spore (D:10)
6 creatures vanquished.

Grand Total: 276 creatures vanquished

Notes
Turn   | Place    | Note
--------------------------------------------------------------
     0 | D:1      | BluebellGnoll, the Spriggan Enchanter, began the quest for the Orb.
     0 | D:1      | Reached XP level 1. HP: 9/9 MP: 4/4
   158 | D:1      | Reached skill level 5 in Stealth
   296 | D:1      | Reached XP level 2. HP: 11/13 MP: 7/7
   304 | D:1      | Learned a level 2 spell: Ensorcelled Hibernation
   577 | D:1      | Reached skill level 6 in Stealth
  1031 | D:2      | Reached XP level 3. HP: 16/16 MP: 6/9
  1036 | D:2      | Learned a level 3 spell: Confuse
  1467 | D:2      | Found an ancient bone altar of Kikubaaqudgha.
  1885 | D:3      | Reached skill level 7 in Stealth
  2103 | D:3      | Reached XP level 4. HP: 7/21 MP: 0/12
  2319 | D:3      | Noticed Terence
  2530 | D:3      | Found a shattered altar of Ashenzari.
  2531 | D:3      | Found a white marble altar of Elyvilon.
  2535 | D:3      | Found a sparkling altar of Nemelex Xobeh.
  2535 | D:3      | Found a glowing silver altar of Zin.
  2547 | D:3      | Reached skill level 8 in Stealth
  2676 | D:3      | Learned a level 2 spell: Sure Blade
  2922 | D:3      | Reached XP level 5. HP: 24/24 MP: 6/16
  3111 | D:3      | Noticed Jessica
  3117 | D:3      | Killed Jessica
  3120 | D:3      | Found a burning altar of Makhleb.
  3278 | D:3      | Killed Terence
  3327 | D:4      | Learned a level 3 spell: Dazzling Spray
  3472 | D:4      | Reached skill level 5 in Hexes
  3527 | D:4      | Reached XP level 6. HP: 28/28 MP: 18/20
  3588 | D:4      | Noticed Grinder
  3853 | D:4      | Killed Grinder
  3996 | D:5      | Entered Level 5 of the Dungeon
  4032 | D:5      | Reached XP level 7. HP: 29/32 MP: 17/22
  4038 | D:5      | Learned a level 4 spell: Enslavement
  4100 | D:5      | Reached skill level 5 in Spellcasting
  4138 | D:5      | Noticed Kemay's ghost (average MiGl)
  4645 | D:5      | Found a snail-covered altar of Cheibriados.
  4923 | D:5      | Killed Kemay's ghost
  5122 | D:6      | Reached XP level 8. HP: 36/36 MP: 25/25
  5191 | D:6      | Reached skill level 9 in Hexes
  5203 | D:6      | Found an opulent altar of Gozag.
  5618 | D:6      | Found a basalt altar of Yredelemnul.
  5675 | D:6      | Reached skill level 10 in Hexes
  6003 | D:7      | Found a staircase to the Ecumenical Temple.
  6150 | D:7      | Found a stormy altar of Qazlal.
  6264 | D:7      | Found a bloodstained altar of Trog.
  6267 | D:7      | Reached skill level 11 in Hexes
  6267 | D:7      | Reached XP level 9. HP: 33/39 MP: 17/28
  6432 | D:8      | Found a blossoming altar of Fedhas.
  6705 | D:8      | Reached skill level 12 in Hexes
  6710 | D:8      | Reached skill level 5 in Dodging
  7122 | D:8      | Found Styoc's Armour Emporium.
  7175 | D:8      | Found a shadowy altar of Dithmenos.
  7775 | D:9      | Reached skill level 13 in Hexes
  7775 | D:9      | Reached XP level 10. HP: 44/44 MP: 4/30
  7784 | D:9      | Learned a level 6 spell: Mass Confusion
  8154 | D:9      | Found a radiant altar of Vehumet.
  8566 | D:9      | Found a staircase to the Lair.
  8584 | D:9      | Found a stormy altar of Qazlal.
  8760 | D:9      | Noticed an eight-headed hydra
  8783 | D:9      | Killed an eight-headed hydra
  8783 | D:9      | Reached skill level 10 in Spellcasting
  9512 | D:9      | Became a worshipper of Vehumet
  9576 | D:10     | Entered Level 10 of the Dungeon
  9590 | D:10     | Noticed a hill giant
  9606 | D:10     | Killed a hill giant
  9634 | D:10     | Found a glowing golden altar of the Shining One.
 10474 | D:10     | Found a blossoming altar of Fedhas.
 10717 | D:11     | Reached XP level 11. HP: 44/47 MP: 30/33
 10734 | D:11     | Noticed a cyclops
 10735 | D:11     | Noticed a hill giant
 10771 | D:11     | Killed a cyclops
 10776 | D:11     | Killed a hill giant
 10776 | D:11     | Reached skill level 5 in Short Blades
 10776 | D:11     | Reached skill level 10 in Dodging
 11098 | D:11     | Noticed a hill giant
 11105 | D:11     | Acquired Vehumet's first power
 11105 | D:11     | Offered knowledge of Freeze by Vehumet.
 11139 | D:11     | Killed a hill giant
 11161 | D:11     | Noticed an unseen horror
 11169 | D:11     | Killed an unseen horror
 11222 | D:11     | Noticed a five-headed hydra
 11281 | D:11     | Killed a five-headed hydra
 11505 | D:12     | Found a shadowy altar of Dithmenos.
 11606 | D:12     | HP: 1/47 [vampire mosquito (7)]
 11611 | D:11     | Slain by a vampire mosquito

Action                   |  1- 3 |  4- 6 |  7- 9 | 10-12 || total
-------------------------+-------+-------+-------+-------++-------
Melee: Dagger            |   129 |    71 |   372 |   300 ||   872
 Cast: Corona            |    12 |     2 |     2 |       ||    16
       Ensorcelled Hiber |     2 |    26 |    50 |    52 ||   130
       Confuse           |     2 |     6 |    52 |    46 ||   106
       Dazzling Spray    |       |       |    13 |    28 ||    41
       Sure Blade        |       |       |     1 |     2 ||     3
       Enslavement       |       |       |     3 |     1 ||     4
Evoke: Wand              |     7 |       |       |       ||     7
  Use: Scroll            |       |    10 |    12 |     5 ||    27
       Potion            |       |       |       |     2 ||     2
 Stab: Sleeping          |     9 |    23 |    47 |    51 ||   130
       Confused          |       |     3 |    38 |    32 ||    73
  Eat: Fruit             |       |     6 |       |     4 ||    10
       Bread ration      |       |       |     1 |       ||     1
       Pizza             |       |       |     1 |       ||     1
